 Dungeon Crawl Stone Soup version 0.25.1-2-g60ff931df9 (console) character file.

Game seed: 7744096541704916969

237 Liberie the Skirmisher (level 6, -3/39 HPs)
             Began as a Gargoyle Fighter on Nov 9, 2020.
             Was a Follower of Okawaru.
             Slain by an iguana (8 damage)
             ... on level 4 of the Dungeon.
             The game lasted 00:36:59 (1353 turns).

Liberie the Skirmisher (Gargoyle Fighter)           Turns: 1353, Time: 00:37:00

Health: -3/39      AC: 14    Str: 21    XL:     6   Next: 6%
Magic:  6/6        EV:  5    Int:  9    God:    Okawaru [*.....]
Gold:   90         SH:  9    Dex:  9    Spells: 5/5 levels left

rFire    . . .     SeeInvis .   a - +0 trident
rCold    . . .     Gourm    .   c - +0 kite shield
rNeg     + . .     Faith    .   i - +0 chain mail
rPois    ∞         Spirit   .   (no helmet)
rElec    +         Reflect  .   (no cloak)
rCorr    .         Harm     .   (no gloves)
MR       .....                  (no boots)
Stlth    ..........             (no amulet)
HPRegen  0.13/turn              (no ring)
MPRegen  0.10/turn              (no ring)

@: no status effects
A: negative energy resistance 1, electricity resistance, unbreathing,
petrification resistance, rot immunity, AC +4
a: Heroism, Renounce Religion


You were on level 4 of the Dungeon.
You worshipped Okawaru.
Okawaru was aware of your devotion.
You were not hungry.

You visited 1 branch of the dungeon, and saw 4 of its levels.

You collected 90 gold pieces.

Inventory:

Hand Weapons
 a - a +0 trident (weapon)
 d - a +0 dagger
 g - a +0 dagger
 h - a +1 whip of venom
 n - a +1 mace of holy wrath
 o - a +0 dagger
Missiles
 q - 22 arrows
Armour
 b - a +0 scale mail
 c - a +0 kite shield (worn)
 i - a +0 chain mail (worn)
 k - a cursed +0 robe
 l - a +0 pair of gloves
 r - a cursed +0 chain mail
Jewellery
 j - an uncursed ring of protection from magic {unknown}
Scrolls
 e - 2 scrolls of amnesia
 W - a scroll of remove curse
Comestibles
 f - a ration


   Skills:
 + Level 4.6 Fighting
 + Level 3.1 Polearms
 + Level 4.5 Armour
 + Level 4.5 Shields


You had 5 spell levels left.
You didn't know any spells.
Your spell library was empty.

Dungeon Overview and Level Annotations

Branches:
Dungeon (4/15)
 Temple: D:4-7

Altars:
Okawaru


Innate Abilities, Weirdness & Mutations

You are resistant to torment.
Your stone body is resilient. (AC +4)
You are immune to poison.
You resist negative energy. (rN+)
You are resistant to electric shocks. (rElec)
You can survive without breathing.
You are immune to petrification.
You are immune to rotting.


Message History

You closely miss the worker ant.
The worker ant is almost dead.
The worker ant bites you but does no damage.
The iguana bites you but does no damage.
You block the worker ant's attack.
You puncture the worker ant!
You kill the worker ant!
Okawaru accepts your kill.
You have reached level 6!
Your experience leads to an increase in your attributes!
Increase (S)trength, (I)ntelligence, or (D)exterity?
Uppercase letters only, please.
You feel stronger.
The iguana bites you but does no damage. x2
You completely miss the iguana. The iguana bites you!
You barely miss the iguana. You block the iguana's attack.
You hit the iguana but do no damage. The iguana bites you!
You closely miss the iguana. You block the iguana's attack.
The iguana bites you but does no damage.
You barely miss the iguana. The iguana bites you!
* * * LOW HITPOINT WARNING * * *
Unknown command.
You closely miss the iguana. You block the iguana's attack.
You closely miss the iguana.
The iguana bites you but does no damage.
You barely miss the iguana. The iguana bites you.
* * * LOW HITPOINT WARNING * * *
You block the iguana's attack.
Found 9 gold pieces.
A goblin comes into view. It is wielding a +0 hunting sling.
The goblin shouts!
The goblin shoots a stone.
The stone hits you but does no damage.
Found a helmet.
A goblin comes into view. It is wielding a +0 hunting sling.
The goblin shouts!
The goblin shoots a stone.
You block the stone.
The goblin shoots a stone.
The stone hits you but does no damage.
You see here 2 stones.
As you read the scroll labeled DAUPNI WISMAN, it crumbles to dust.
You feel blessed for a moment.
It was a scroll of remove curse.
W - a scroll of remove curse The goblin shoots a stone.
You block the stone.
The goblin shoots a stone.
The stone hits you but does no damage. You block the iguana's attack.
As you read the scroll labeled DANUHORUISS, it crumbles to dust.
The creatures around you are filled with an inner flame!
It was a scroll of immolation.
The goblin shoots a stone.
The stone hits you but does no damage. You block the iguana's attack.
You closely miss the iguana. The iguana bites you.
* * * LOW HITPOINT WARNING * * *
The goblin shoots a stone.
You block the stone. The iguana bites you!
You die...

#..≈≈# #..≈≈#
##+##.g≈≈#
#.....h≈≈# .
#..$gh≈≈≈ ...
#≈≈≈≈≈≈≈###.[..
+++##≈≈≈≈≈≈........
...≈≈≈≈...(@.......
...≈≈.....l.......#
..................#
...#.#...........#
# #............
#.......#.##.
#..<....#.#
#..†....# #
+...#......
####....... .......
....... ..#+##. ...


You could see an iguana (inner flame), 2 jackals and 2 goblins.

Vanquished Creatures
  The ghost of Pirxis the Sneak, an amateur KoAs of Ru (D:3)
  Terence (D:3)
  A worker ant (D:4)
  A gnoll (D:3)
  3 adders
  An adder skeleton (D:3)
  A leopard gecko (D:1)
  An orc (D:3)
  A ball python (D:3)
  3 bats
  2 giant cockroaches (D:1)
  3 goblins
  3 hobgoblins
  7 kobolds
  4 frilled lizards
  5 rats
38 creatures vanquished.

Notes
Turn   | Place    | Note
-------+----------+-------------------------------------------
     0 | D:1      | Liberie the Gargoyle Fighter began the quest for the Orb.
     0 | D:1      | Reached XP level 1. HP: 14/14 MP: 1/1
   155 | D:1      | Reached XP level 2. HP: 19/19 MP: 2/2
   583 | D:2      | Reached XP level 3. HP: 12/24 MP: 3/3
   637 | D:2      | Found an iron altar of Okawaru.
   646 | D:2      | Became a worshipper of Warmaster Okawaru
   992 | D:3      | Reached XP level 4. HP: 27/29 MP: 4/4
  1018 | D:3      | Noticed Pirxis's ghost (amateur KoAs)
  1018 | D:3      | Noticed Terence
  1021 | D:3      | Found a runed translucent door.
  1032 | D:3      | Killed Terence
  1082 | D:3      | Killed Pirxis's ghost
  1082 | D:3      | Reached * piety under Okawaru
  1082 | D:3      | Reached skill level 3 in Polearms
  1082 | D:3      | Reached XP level 5. HP: 32/34 MP: 5/5
  1334 | D:4      | Reached XP level 6. HP: 29/39 MP: 6/6
  1353 | D:4      | Slain by an iguana

Illustrated notes

Levels and vault maps discovered:
D:1:      scummos_arrival_star, layout_rooms
D:2:      layout_basic, chequers_ecumenical_altar_island, first_ration,
          kennysheep_okawaru_gauntlet
D:3:      layout_basic, gammafunk_ghost_grave, minmay_close_crescents,
          uniq_terence
D:4:      kennysheep_goblin_castle, layout_basic, minmay_temple_entry_junction,
          guppyfry_early_lair_pool

Skill      XL: |  1  2  3  4 |
---------------+-------------+-----
Polearms       | 2 3 |  3.1
Fighting       | 4 |  4.6
Armour         | 4 |  4.5
Shields        | 4 |  4.5

Action                   |  1- 3 |  4- 6 || total
-------------------------+-------+-------++-------
Melee: Trident           |   134 |    88 ||   222
  Use: Potion            |     1 |       ||     1
       Scroll            |     3 |     2 ||     5
  Eat: Ration            |     1 |       ||     1
Armor: Scale mail        |    24 |       ||    24
       Chain mail        |    98 |    64 ||   162
Dodge: Dodged            |    33 |    20 ||    53
Block: Kite shield       |    70 |    55 ||   125
